 Dungeon Crawl Stone Soup version 0.24.0-10-g970556be89 (webtiles) character file.

Game seed: 3636265655405367681, levelgen mode: deterministic

326 alxmo the Shield-Bearer (level 6, 0/38 HPs)
             Began as a Gargoyle Fighter on Nov 3, 2019.
             Was a Priest of Uskayaw.
             Killed by divine providence
             ... invoked by an orc priest
              (13 damage)
             ... on level 4 of the Dungeon.
             The game lasted 00:08:35 (2924 turns).

alxmo the Shield-Bearer (Gargoyle Fighter)          Turns: 2924, Time: 00:08:36

Health: 0/38       AC: 12    Str: 21    XL:     6   Next: 49%
Magic:  6/6        EV:  8    Int:  9    God:    Uskayaw [***...]
Gold:   165        SH:  9    Dex:  9    Spells: 5/5 levels left

rFire    . . .     SeeInvis .   a - +0 flail
rCold    . . .     Gourm    .   c - +0 shield
rNeg     + . .     Faith    .   b - +0 scale mail
rPois    ∞         Spirit   .   l - +0 helmet
rElec    +         Reflect  .   (no cloak)
rCorr    .         Harm     .   (no gloves)
MR       .....                  (no boots)
Stlth    ..........             (no amulet)
HPRegen  0.12/turn              (no ring)
MPRegen  0.10/turn              (no ring)

@: no status effects
A: negative energy resistance 1, electricity resistance, unbreathing,
petrification resistance, rot immunity, AC +4
a: Stomp, Line Pass, Renounce Religion


You were on level 4 of the Dungeon.
You worshipped Uskayaw.
Uskayaw was noncommittal.
You were not hungry.

You visited 1 branch of the dungeon, and saw 4 of its levels.

You collected 165 gold pieces.

Inventory:

Hand Weapons
 a - a +0 flail (weapon)
Missiles
 g - a throwing net (quivered)
Armour
 b - a +0 scale mail (worn)
 c - a +0 shield (worn)
 l - a +0 helmet (worn)
Scrolls
 i - a scroll of noise {unknown}
 j - a scroll of enchant armour {unknown}
 k - 3 scrolls of identify {unknown}
 o - a scroll of immolation {unknown}
 p - a scroll of enchant weapon {unknown}
 q - a scroll of amnesia {unknown}
 r - a scroll of teleportation {unknown}
 s - a scroll of fog {unknown}
 t - 3 scrolls of remove curse {unknown}
 v - a scroll of fear {unknown}
Potions
 d - a potion of might
 e - a potion of degeneration {unknown}
 h - a potion of flight {unknown}
 m - 2 potions of heal wounds {unknown}
 n - a potion of haste {unknown}
Comestibles
 f - 6 rations
 u - 2 chunks of flesh


   Skills:
 + Level 4.1 Fighting
 + Level 4.6 Maces & Flails
 + Level 4.2 Armour
 + Level 1.0 Dodging
 + Level 0.2 Stealth
 + Level 4.6 Shields


You had 5 spell levels left.
You didn't know any spells.
Your spell library contained the following spells:

 Spells                   Type           Power        Failure   Level  Hunger
 Ice Form                 Ice/Tmut       #.......     100%        4    #####..
 Metabolic Englaciation   Hex/Ice        #.........   100%        5    ######.
 Bolt of Cold             Conj/Ice       #.........   100%        6    #######
 Freezing Cloud           Conj/Ice/Air   #.........   100%        6    #######
 Ozocubu's Refrigeration  Ice            #.........   100%        6    #######
 Simulacrum               Ice/Necr       #.........   100%        6    #######


Dungeon Overview and Level Annotations

Branches:
Dungeon (4/15)
 Temple: D:4-7

Altars:
Fedhas
Uskayaw
Zin


Innate Abilities, Weirdness & Mutations

You are resistant to torment.
Your stone body is resilient. (AC +4)
You are immune to poison.
You resist negative energy. (rN+)
You are resistant to electric shocks. (rElec)
You can survive without breathing.
You are immune to petrification.
You are immune to rotting.


Message History

You block the orc's attack. The orc hits you but does no damage.
You hit the orc.
The orc is almost dead.
The orc hits you but does no damage. You block the orc's attack.
The orc priest calls down the wrath of Beogh upon you.
Beogh smites you!
You sock the orc!
You kill the orc!
You sock the orc priest!
The orc priest is heavily wounded.
The orc hits you but does no damage.
The orc priest hits you but does no damage.
Uskayaw will force your foes to helplessly watch your dance.
Uskayaw prepares the audience for your solo!
The orc is no longer paralysed.
The orc priest is no longer paralysed.
The adder is no longer paralysed.
The orc hits you but does no damage.
The orc priest mumbles some strange prayers to Beogh against you.
Beogh smites you!
You die...

# . .# #. . # #.##
#. #..... %#
#.#.#.## .# ## ...
#<##.##....
#.###........#
##.#.#@#####.
#...oo....#
#.#S.#.##.# #
#o.#... ..
......)).#...>...#
....#.##.#.##.....
.. ... #.#.# .....
..# #.#.# ... ....
#.#.. .#


You could see an orc priest, an adder and 2 orcs.

Vanquished Creatures
  Jessica (D:3)
  A worker ant (D:4)
  Robin (D:2)
  7 gnolls (D:3)
  8 adders
  An adder zombie (D:2)
  3 worms (D:2)
  2 dart slugs
  2 leopard geckos
  8 orcs
  4 bats
  3 giant cockroaches
  14 hobgoblins
  2 quokkas
  5 ball pythons
  5 frilled lizards
  20 goblins
  7 kobolds
  9 rats
103 creatures vanquished.

Notes
Turn   | Place    | Note
-------+----------+-------------------------------------------
     0 | D:1      | alxmo the Gargoyle Fighter began the quest for the Orb.
     0 | D:1      | Reached XP level 1. HP: 14/14 MP: 1/1
    60 | D:1      | Reached XP level 2. HP: 18/19 MP: 2/2
   283 | D:1      | Reached XP level 3. HP: 21/23 MP: 3/3
   476 | D:2      | Noticed Robin
   513 | D:1      | Reached XP level 4. HP: 5/28 MP: 4/4
   780 | D:2      | Killed Robin
   905 | D:2      | Found a hide-covered altar of Uskayaw.
   922 | D:2      | Became a worshipper of Uskayaw the Reveler
   942 | D:2      | Found a transporter.
   943 | D:2      | Found a transporter.
   959 | D:2      | Reached * piety under Uskayaw
  1107 | D:2      | Found a blossoming altar of Fedhas.
  1348 | D:2      | Reached XP level 5. HP: 33/33 MP: 5/5
  1354 | D:2      | Reached ** piety under Uskayaw
  1753 | D:3      | Reached *** piety under Uskayaw
  2034 | D:3      | Reached XP level 6. HP: 37/38 MP: 6/6
  2547 | D:3      | Noticed Jessica
  2556 | D:3      | Killed Jessica
  2594 | D:3      | Found a glowing silver altar of Zin.
  2909 | D:4      | Reached skill level 1 in Dodging
  2924 | D:4      | Killed from afar by an orc priest

Levels and vault maps discovered:
D:1:      zelgadis_glass_arrival_small, layout_rooms
D:2:      layout_basic, eat_drink_and_be_merry_uskayaw,
          gammafunk_temple_overflow_arena, uniq_robin
D:3:      kennysheep_the_goblin_king, layout_loops_cross, serial_rivers,
          chequers_serial_rivers_small_a, chequers_serial_rivers_marsh,
          chequers_serial_rivers_large_b, chequers_serial_rivers_micro_a,
          chequers_serial_rivers_micro_a, chequers_serial_rivers_large_a,
          first_ration, lemuel_statue_altar, uniq_jessica
D:4:      layout_loops_cross, serial_glass, glass_columns_a, glass_columns_b

Skill      XL: |  1  2  3  4  5  6 |
---------------+-------------------+-----
Maces & Flails | 3 4 |  4.6
Shields        | 4 |  4.6
Fighting       | 4 |  4.1
Armour         | 4 |  4.2
Dodging        | 1 |  1.0
Stealth        | |  0.2

Action                   |  1- 3 |  4- 6 || total
-------------------------+-------+-------++-------
Melee: Flail             |   129 |   287 ||   416
  Eat: Chunk             |       |     8 ||     8
Armor: Scale mail        |    73 |   192 ||   265
Dodge: Dodged            |    47 |   112 ||   159
Block: Shield            |    70 |   177 ||   247
